cohdb
Replays
Latest Replays
All Replays
Popular Replays
Top Player Replays
Match Explorer
How It Works
Community
CoH3 Stats
Reddit
Sign in to upload your games and track your stats! →
Sign in with Steam
Match 41327404
Unlisted
Match 41327404
Overview
Messages
Build Orders
End
Kradschützen Motorcycle Team
Selects Panzerjäger Kommand Battlegroup
Panzergrenadier Squad
Panzergrenadier Squad
Construct Light Support Kompanie
Panzerjäger Squad
Selects Mine Fields
Selects Tank Busters
Fire Support Elements
Panzerjäger Mechanized Group
Flakvierling Half-track
Vehicle Survival Package
Veteran Squad Leaders
Panzerjäger Squad
Selects Defensive Positions
Flakvierling Half-track
Pak 38 Anti-tank Gun Team
2.5-tonne Medical Truck
Construct Panzerarmee Kommand
Selects Butterfly Bomb Drop
Zoomer
Goliath
coledj0408
S.W.A
0
0
Comments
sign in to comment!
No comments posted yet!